AoeStats
← Enkidu

Northern Isles

510768845Analyzed
1v1 RM · 8h ago on Oct 2, 2026· 18m 16s· 2 players
Game mode
Random Map
Map size
Tiny (2 player)
Population
200
Speed
Normal
Resources
Standard
Victory
Conquest
Starting age
Dark Age
Ending age
Imperial Age
RankedLock teamsTeams togetherTeam positionsShared explorationLock speedFull tech treeHidden civsTurbo modeCheats
Victory
Defeat
🇹🇷 Malay · Türkiye
1212
+17
🇬🇧 Franks · United Kingdom
1228
-17
Enkidu
11:29 Feudal Age
11:08 Double-Bit Axe
11:53 Fishing Lines
16:10 Castle Age
13:58 Loom
15:34 Pikeman
17:01 Gillnets
17:21 Squires
17:42 Forging
18:51 Bow Saw
19:15 Sanctity
Pompom
10:57 Feudal Age
14:56 Castle Age
13:47 Double-Bit Axe
14:12 Scale Barding Armor
16:02 Chain Barding Armor
Connection lost

Rejoining the realm…

Still unreachable

The connection could not be restored.

Session expired

The server has moved on; the page needs a fresh start.